 Dungeon Crawl Stone Soup version 0.16-a0-3074-gc0bb631 (webtiles) character file.

11867 PolkaDot the Summoner (level 11, -4/126 HPs)
             Began as a Vampire Summoner on Dec 11, 2014.
             Was a Follower of Sif Muna.
             Slain by a trapdoor spider zombie (10 damage)
             ... animated by a shadow imp
             ... on level 11 of the Dungeon.
             The game lasted 00:53:54 (9926 turns).

PolkaDot the Summoner (Vampire Summoner)            Turns: 9926, Time: 00:53:55

Health: -4/126     AC:  8    Str: 13    XL:     11   Next: 54%
Magic:  10/26      EV: 17    Int: 20    God:    Sif Muna [*.....]
Gold:   558        SH:  0    Dex: 19    Spells: 4 memorised, 1 level left

rFire  x . .     SeeInvis +     v - +6 quarterstaff of Rimosioj {venom, rF- MR++ Str+1}
rCold  + . .     Clarity  +     f - +1 leather armour
rNeg   . . .     SustAb   .     (no shield)
rPois  .         Gourm    .     l - +0 helmet
rElec  .         Spirit   .     g - +0 cloak
rCorr  .         Warding  .     (no gloves)
rMut   .         Stasis   .     q - +0 pair of boots
MR     +++..                    W - amulet of clarity
Stlth  ..........               s - ring of magical power
                                p - ring of wizardry

@: agile, berserking, regenerating very quickly, very quick, extremely resistant
to hostile enchantments, extremely unstealthy
A: bottle blood, fangs 3, see invisible, cold resistance 1, shaggy fur 1, spit
poison 1, unbreathing
a: Spit Poison, Channel Energy, Renounce Religion


You were on level 11 of the Dungeon.
You worshipped Sif Muna.
Sif Muna was aware of your devotion.
You were almost alive.

You visited 2 branches of the dungeon, and saw 12 of its levels.
You also visited: Labyrinth.

You collected 558 gold pieces.

Inventory:

Hand weapons
 v - the +6 quarterstaff of Rimosioj (weapon) {venom, rF- MR++ Str+1}
   (You found it on level 4 of the Dungeon)

   It poisons the flesh of those it strikes.
   It affects your strength (+1).
   It makes you vulnerable to fire.
   It affects your resistance to hostile enchantments.
Missiles
 R - a throwing net (quivered)
Armour
 f - a +1 leather armour (worn)
 g - a +0 cloak (worn)
 l - a +0 helmet (worn)
 q - a +0 pair of boots (worn)
Rods
 c - a +4 rod of shadows (11/11)
   (You took it off a minotaur in a labyrinth)
Jewellery
 k - an uncursed ring of protection from magic
 p - a ring of wizardry (left hand)
 r - an uncursed amulet of resist corrosion
 s - a ring of magical power (right hand)
 W - an amulet of clarity (around neck)
 Y - an uncursed ring of sustain abilities
Magical devices
 d - a wand of slowing (18)
 o - a wand of lightning (5)
 u - a wand of flame (20)
 x - a wand of lightning (5)
 y - a wand of draining (0)
 z - a wand of invisibility (0)
 E - a wand of frost (21)
 G - a wand of digging (8)
 K - a wand of magic darts (11)
 N - a wand of paralysis (3)
 P - a wand of magic darts (34)
 T - a wand of enslavement (14)
 U - a wand of polymorph (10)
 X - a wand of confusion (23)
Scrolls
 a - a scroll of noise {unknown}
 e - a scroll of silence {unknown}
 j - 3 scrolls of immolation
 m - 2 scrolls of amnesia
 t - a scroll of enchant weapon {unknown}
 w - 2 scrolls of recharging
 A - 3 scrolls of random uselessness
 B - 6 scrolls of remove curse
 C - a scroll of magic mapping
 F - a scroll of torment
 H - a scroll of enchant armour
 M - a scroll of teleportation {unknown}
 Q - a scroll of identify
Potions
 h - 24 potions of blood {@*1}
 i - a potion of agility
 n - 2 potions of cancellation
 I - 2 potions of ambrosia
 J - a potion of restore abilities {unknown}
 L - a potion of brilliance {unknown}
 O - a potion of berserk rage
 S - a potion of cure mutation {unknown}
Books
 b - a book of Callings

   Spells                             Type                      Level
   a - Summon Small Mammal            Summoning                    1
   b - Call Imp                       Summoning                    2
   c - Call Canine Familiar           Summoning                    3
   d - Summon Guardian Golem          Hexes/Summoning              4
   e - Summon Lightning Spire         Summoning/Air                4
   f - Summon Ice Beast               Ice/Summoning                4
 D - a book of Necromancy

   Spells                             Type                      Level
   a - Pain                           Necromancy                   1
   b - Animate Skeleton               Necromancy                   1
   c - Vampiric Draining              Necromancy                   3
   d - Regeneration                   Charms/Necromancy            3
   e - Animate Dead                   Necromancy                   4
   f - Control Undead                 Necromancy                   4


   Skills:
 + Level 7.6 Fighting
 * Level 8.8 Staves
 - Level 3.5 Armour
 - Level 2.1 Dodging
 - Level 3.0 Stealth
 - Level 2.0 Spellcasting
 - Level 6.6 Hexes
 + Level 9.0 Summonings
 - Level 7.8 Ice Magic


You had one spell level left.
You knew the following spells:

 Your Spells              Type           Power        Failure   Level  Hunger
d - Call Canine Familiar  Summ           #####...     1%          3    ###....
g - Summon Guardian Gole  Hex/Summ       ####....     4%          4    #####..
i - Summon Ice Beast      Ice/Summ       #####...     3%          4    #####..
s - Call Imp              Summ           #####...     1%          2    ##.....


Dungeon Overview and Level Annotations

Branches:
Dungeon (11/15)            Temple (1/1) D:7            Lair (0/8) D:10
    Orc (0/4) D:11

Altars:
Ashenzari
Cheibriados
Dithmenos
Elyvilon
Fedhas
Gozag
Kikubaaqudgha
Makhleb
Nemelex Xobeh
Okawaru
Qazlal
Ru
Sif Muna
Trog
Vehumet
Xom
Yredelemnul
Zin
The Shining One


Innate Abilities, Weirdness & Mutations

Your natural rate of healing is extremely fast.
You can bottle blood from corpses.
You have razor-sharp teeth.
You have supernaturally acute eyesight.
You can survive without breathing.
Your flesh is cold resistant.
You are covered in fur (AC +1).
You can spit poison.


Message History

Grum dies!
Your Summonings skill increases to level 9!
Your ice beast hits the trapdoor spider zombie.
Your ice beast freezes the trapdoor spider zombie.
The trapdoor spider zombie resists.
You sock the wolf zombie!
Your ice beast disappears in a puff of smoke!
Your hound bites the trapdoor spider zombie.
The wolf zombie completely misses you.
You sock the wolf zombie!
Your hound bites the trapdoor spider zombie.
The wolf zombie closely misses you.
Your ice beast hits the trapdoor spider zombie.
Your ice beast freezes the trapdoor spider zombie.
The trapdoor spider zombie resists.
You bludgeon the wolf zombie!!
You destroy the wolf zombie!
Your hound barely misses the trapdoor spider zombie.
You thump the trapdoor spider zombie! The trapdoor spider zombie bites you!
You die...

**,,** ##.....#>......+,,,,+,,,
,,,** ####..##....8.##,,**,8,
,*,** #######..#.......#***,,,*
**,,* #........#...##.....,,,##
**,* #######..##.##########+#.
#.##* ##...#..##........##
**#...#* ###...##......#**#...#
,####..#####..h#####....##,,*#...
,.......)..§).YZ@..#..8.+,,,,+.8.
*######..)#..########...##,,##...
******##....######.?##...####...#
,.z......##.†........###.......##
**#######*###........* #########
*.g.....,* *#......,* *......,*
*.....,,*


You could see a trapdoor spider zombie, a friendly ice beast and a friendly
hound.

Vanquished Creatures
  Fannar (D:10)
  An oklob plant (D:9)
  A hill giant (D:10)
  A manticore (D:8)
  A kobold demonologist (D:10)
  A basilisk (D:10)
  Eustachio (D:8)
  2 deep elf magi (D:9)
  14 yaks
  2 hungry ghosts (Lab)
  A hippogriff (D:9)
  A mottled dragon (Lab)
  8 ogres
  A phantom (D:8)
  A yellow wasp (D:10)
  2 sky beasts
  A black bear (D:8)
  A porcupine (D:10)
  3 centaurs
  6 ice beasts
  A crocodile (D:10)
  A necrophage (D:8)
  2 big kobolds
  6 giant frogs
  A water moccasin zombie (D:7)
  2 scorpions
  An oklob sapling (D:9)
  5 wights
  A wolf zombie (D:11)
  A crimson imp (D:6)
  A giant frog zombie (D:6)
  2 centaur zombies
  A goliath beetle (D:6)
  6 orc priests
  2 jellies
  A quasit (D:10)
  2 giant frog skeletons
  6 worker ants
  Crazy Yiuf (D:6)
  A yellow wasp zombie (D:10)
  4 hounds
  8 orc wizards
  4 iguanas
  2 killer bee zombies
  A hound zombie (D:8)
  A mummy (D:10)
  A hound skeleton (D:7)
  3 river rats (D:10)
  3 gnolls (D:9)
  10 adders
  5 shadow imps
  A giant mite (D:3)
  2 worms
  2 adder zombies
  5 giant geckos
  4 oozes
  28 orcs
  6 ball pythons
  11 bats
  6 giant cockroaches
  16 goblins
  22 hobgoblins
  8 jackals
  4 quokkas
  5 giant newts
  13 kobolds
  A quokka skeleton (D:4)
  18 rats
288 creatures vanquished.

Vanquished Creatures (collateral kills)
  A minotaur (Lab)
  Joseph (D:8)
  Prince Ribbit (D:8)
  2 trapdoor spiders
  5 yaks
  Grum (D:11)
  A hippogriff (D:8)
  Edmund (D:7)
  Menkaure (D:7)
  A water moccasin (D:9)
  A spider (D:9)
  3 wolves (D:11)
  A sky beast (D:8)
  A necrophage (D:7)
  4 ice beasts (D:11)
  An ogre (D:4)
  A phantom (D:6)
  2 giant frogs
  4 wights
  A quasit (D:8)
  A jelly (D:8)
  An iguana (D:7)
  An adder (D:9)
  A gnoll (D:9)
  A worker ant zombie (D:11)
  2 giant geckos
  A ball python (D:9)
  A bat (D:1)
  2 giant cockroaches
  2 goblins
  2 hobgoblins (D:1)
  A quokka (D:11)
  A giant newt (D:6)
  A giant spore (D:8)
  A quokka zombie (D:10)
  A rat (D:1)
54 creatures vanquished.

Vanquished Creatures (others)
  A guardian golem (D:11)
  3 wolves
  11 ice beasts
  2 crimson imps (D:7)
  13 hounds
  3 rats (D:1)
  A plant (D:9)
34 creatures vanquished.

Grand Total: 376 creatures vanquished

Notes
Turn   | Place    | Note
--------------------------------------------------------------
     0 | D:1      | PolkaDot, the Vampire Summoner, began the quest for the Orb.
     0 | D:1      | Reached XP level 1. HP: 13/13 MP: 3/3
   171 | D:1      | Reached skill level 1 in Fighting
   311 | D:1      | Reached XP level 2. HP: 12/21 MP: 0/4
   687 | D:1      | Reached XP level 3. HP: 27/27 MP: 6/6
   757 | D:1      | Learned a level 2 spell: Call Imp
   761 | D:1      | Learned a level 3 spell: Call Canine Familiar
   933 | D:2      | Reached skill level 1 in Armour
  1238 | D:2      | Reached XP level 4. HP: 25/34 MP: 7/7
  2135 | D:4      | Got a fine quarterstaff
  2136 | D:4      | Identified the +6 quarterstaff of Rimosioj {venom, rF- MR++ Str+1} (You found it on level 4 of the Dungeon)
  2274 | D:4      | Reached skill level 1 in Staves
  2274 | D:4      | Reached XP level 5. HP: 39/39 MP: 9/9
  2330 | D:4      | Noticed an ogre
  2337 | D:4      | Killed an ogre
  2342 | D:4      | Found a shimmering altar of Xom.
  2694 | D:4      | Reached XP level 6. HP: 20/46 MP: 10/10
  3232 | D:5      | Entered Level 5 of the Dungeon
  3279 | D:5      | Reached XP level 7. HP: 44/52 MP: 12/12
  3374 | D:5      | Found an opulent altar of Gozag.
  4479 | D:5      | Learned a level 4 spell: Summon Ice Beast
  4537 | D:6      | Reached skill level 1 in Ice Magic
  4734 | D:6      | Reached XP level 8. HP: 35/58 MP: 13/13
  4742 | D:6      | Reached skill level 5 in Summonings
  4838 | D:6      | Found a shattered altar of Ashenzari.
  4902 | D:6      | Reached skill level 5 in Staves
  4924 | D:6      | Noticed Crazy Yiuf
  4929 | D:6      | Killed Crazy Yiuf
  5331 | D:7      | Reached skill level 5 in Ice Magic
  5335 | D:7      | Noticed Menkaure
  5336 | D:7      | Reached skill level 6 in Summonings
  5340 | D:7      | Noticed Edmund
  5363 | D:7      | Killed Menkaure
  5383 | D:7      | Killed Edmund
  5401 | D:7      | Reached XP level 9. HP: 24/64 MP: 9/14
  5589 | D:7      | Found a staircase to the Ecumenical Temple.
  5595 | Temple   | Entered the Ecumenical Temple
  5761 | D:7      | Got a smoking chain mail
  5762 | D:7      | Identified the cursed +0 chain mail of Loss {+Fly} (You found it on level 7 of the Dungeon)
  5842 | D:7      | Found a burning altar of Makhleb.
  6057 | D:8      | Noticed a manticore
  6069 | D:8      | Killed a manticore
  6073 | D:8      | Reached skill level 7 in Ice Magic
  6166 | D:8      | Gained mutation: You can spit poison. [potion of mutation]
  6166 | D:8      | Gained mutation: You are covered in fur (AC +1). [potion of mutation]
  6166 | D:8      | Gained mutation: Your flesh is cold resistant. [potion of mutation]
  6193 | D:8      | Noticed Eustachio
  6208 | D:8      | Killed Eustachio
  6271 | D:8      | Noticed Joseph
  6284 | D:8      | Killed Joseph
  6504 | D:8      | Found a sacrificial altar of Ru.
  6507 | D:8      | Found a blossoming altar of Fedhas.
  6510 | D:8      | Found an ancient bone altar of Kikubaaqudgha.
  7184 | D:8      | Noticed Prince Ribbit
  7194 | D:8      | Killed Prince Ribbit
  7194 | D:8      | Reached XP level 10. HP: 45/73 MP: 9/16
  7457 | D:9      | Reached skill level 5 in Fighting
  7707 | D:9      | Found a deep blue altar of Sif Muna.
  7716 | D:9      | Became a worshipper of Sif Muna the Loreminder
  7845 | D:9      | Found a blossoming altar of Fedhas.
  7858 | D:9      | Learned a level 4 spell: Summon Guardian Golem
  7864 | D:9      | Noticed an oklob plant
  7879 | D:9      | Killed an oklob plant
  7879 | D:9      | Reached skill level 8 in Summonings
  7990 | D:10     | Entered Level 10 of the Dungeon
  8043 | D:10     | Reached skill level 1 in Hexes
  8218 | D:10     | Reached skill level 5 in Hexes
  8291 | D:10     | Found a staircase to the Lair.
  8305 | D:10     | Acquired Sif Muna's first power
  8562 | D:10     | Reached XP level 11. HP: 83/83 MP: 17/17
  8571 | D:10     | Noticed a hill giant
  8591 | D:10     | Killed a hill giant
  8606 | D:10     | Noticed Fannar
  8630 | D:10     | Killed Fannar
  8980 | D:11     | Found a labyrinth entrance.
  8987 | Lab      | Entered a labyrinth
  9330 | Lab      | Noticed a minotaur
  9384 | Lab      | Noticed an unseen horror
  9400 | Lab      | HP: 2/84 [unseen horror[a minotaur] (6)]
  9413 | Lab      | Killed a minotaur
  9450 | Lab      | Identified Deir's Reference Book on Torrid Confrontation
  9453 | Lab      | Got a shimmering mace
  9454 | Lab      | Identified the +1 mace of Light {venom, +Rage Int+1} (You found it in a labyrinth)
  9600 | D:11     | Noticed an unseen horror
  9602 | D:11     | Found a staircase to the Orcish Mines.
  9634 | D:11     | Found a frozen archway.
  9847 | D:11     | HP: 4/84 [wolf[Grum] (8)]
  9906 | D:11     | Noticed Grum
  9914 | D:11     | HP: 3/84 [wolf zombie[a shadow imp] (5)]
  9922 | D:11     | Killed Grum
  9922 | D:11     | Reached skill level 9 in Summonings
  9926 | D:11     | Slain by a trapdoor spider zombie

Action                   |  1- 3 |  4- 6 |  7- 9 | 10-12 || total
-------------------------+-------+-------+-------+-------++-------
Melee: Unarmed           |    52 |       |       |       ||    52
       Mace              |    81 |    66 |       |       ||   147
       Dagger            |    22 |       |       |       ||    22
       Quarterstaff      |       |    69 |   292 |   326 ||   687
 Cast: Summon Small Mamm |    13 |       |       |       ||    13
       Call Canine Famil |       |     1 |    10 |    18 ||    29
       Call Imp          |       |       |     6 |       ||     6
       Summon Ice Beast  |       |       |    17 |    38 ||    55
       Summon Guardian G |       |       |       |     1 ||     1
Invok: Channel Energy    |       |       |       |    18 ||    18
Evoke: Wand              |       |       |       |    18 ||    18
  Use: Potion            |     6 |    12 |    31 |    54 ||   103
       Scroll            |       |       |    13 |     9 ||    22
 Stab: Sleeping          |     5 |     4 |     3 |     5 ||    17
       Distracted        |       |       |     2 |     1 ||     3
       Invisible         |       |       |       |     2 ||     2
       Paralysed         |       |       |       |     4 ||     4
  Eat: Corpse            |     7 |       |       |       ||     7
